 Dungeon Crawl Stone Soup version 0.31.0-32-g396128a36d (webtiles) character file.

Game seed: 244084570263304322

255553 ChadusMaximus the Convoker (level 19, -16/150 HPs)
             Began as a Barachi Summoner on Mar 11, 2024.
             Was the Champion of Hepliaklqana.
             Killed from afar by an ironbound thunderhulk (54 damage)
             ... with a bolt of lightning
             ... on level 2 of the Vaults.
             The game lasted 01:17:30 (48683 turns).

ChadusMaximus the Convoker (Barachi Summoner)      Turns: 48683, Time: 01:17:30

Health: -16/150    AC: 16    Str: 12    XL:     19   Next: 78%
Magic:  37/43      EV: 23    Int: 37    God:    Hepliaklqana [******]
Gold:   3862       SH: 15    Dex: 15    Spells: 38/59 levels left

rFire   + + +        d - +6 scimitar "Cacvot" {distort, rF++}
rCold   + + +        P - +2 kite shield {reflect}
rNeg    . . .        Y - +5 robe of Night {Dark Will+ SInv}
rPois   .            U - +2 hat {Int+3}
rElec   .            f - scarf of Dithmenos's Fury {rC+ rF+, Str+6 Int+2 Slay-3 SInv}
rCorr   .            a - +3 pair of gloves of the Platytaur {rC++ Will+ Str-3}
SInv    +            Z - +2 pair of boots {Stlth+}
Will    +++..        j - amulet of magic regeneration
Stlth   +++          R - ring of Fazu {EV+5 Int+4}
HPRegen 0.45/turn    X - +6 ring of intelligence
MPRegen 0.68/turn

%: reflection
@: slow
A: reduced essence, amphibious, slowness 1, strong legs 2, +LOS
}: 2/15 runes: decaying, gossamer
a: Hop, Renounce Religion, Recall Ancestor, Ancestor Identity, Transference,
Idealise


You were on level 2 of the Vaults.
You worshipped Hepliaklqana.
Hepliaklqana was exalted by your worship.
You visited 7 branches of the dungeon, and saw 33 of its levels.
You also visited: Sewer, Ossuary, Bailey and Gauntlet.

You collected 6085 gold pieces.
You spent 2223 gold pieces at shops.

Inventory:

Hand Weapons
 d - the +6 scimitar "Cacvot" (weapon) {distort, rF++}
   (You found it on level 4 of the Swamp)

   rF++:      It greatly protects you from fire.
Armour
 a - the +3 pair of gloves of the Platytaur (worn) {rC++ Will+ Str-3}
   (You found it on level 5 of the Lair of Beasts)

   Str-3:     It affects your strength (-3).
   rC++:      It greatly protects you from cold.
   Will+:     It increases your willpower.
 f - the scarf of Dithmenos's Fury (worn) {rC+ rF+, Str+6 Int+2 Slay-3 SInv}
   (You acquired it on level 6 of the Dungeon)

   Str+6:     It affects your strength (+6).
   Int+2:     It affects your intelligence (+2).
   Slay-3:    It affects your accuracy & damage with ranged weapons and melee
   (-3).
   SInv:      It lets you see invisible.
 q - a +0 kite shield of poison resistance
 P - a +2 kite shield of reflection (worn)
 U - a +2 hat of intelligence (worn)
 Y - the +5 robe of Night (worn) {Dark Will+ SInv}
   (You found it on level 5 of the Lair of Beasts)

   Dark:      It shrouds the wearer in darkness, reducing the range at which
   they can see and be seen by others.
   Will+:     It increases your willpower.
   SInv:      It lets you see invisible.
 Z - a +2 pair of boots of stealth (worn)
Jewellery
 e - a ring of flight
 h - the ring "Ysiongeutt" {rElec rN+ rCorr Str+4 Dex-2}
   (You found it on level 4 of the Lair of Beasts)

   [ring of positive energy]

   Str+4:     It affects your strength (+4).
   Dex-2:     It affects your dexterity (-2).
   rElec:     It insulates you from electricity.
   rN+:       It protects you from negative energy.
   rCorr:     It protects you from acid and corrosion.
 j - an amulet of magic regeneration (around neck)
 s - an amulet of regeneration
 v - a ring of ice
 R - the ring of Fazu (left hand) {EV+5 Int+4}
   (You found it in a Gauntlet)

   [ring of evasion]

   EV+5:      It affects your evasion (+5).
   Int+4:     It affects your intelligence (+4).
 V - a ring of see invisible
 W - an amulet of reflection
 X - a +6 ring of intelligence (right hand)
Wands
 C - a wand of quicksilver (35)
 D - a wand of iceblast (27)
 S - a wand of mindburst (26)
 T - a wand of flame (90)
Scrolls
 c - 4 scrolls of poison
 l - 4 scrolls of enchant weapon
 m - 7 scrolls of fear
 o - 11 scrolls of teleportation
 u - 3 scrolls of vulnerability
 w - 4 scrolls of blinking
 x - 2 scrolls of silence
 y - 2 scrolls of amnesia
 z - 2 scrolls of enchant armour
 E - 3 scrolls of immolation
 H - 4 scrolls of butterflies
 I - 2 scrolls of torment
 N - a scroll of revelation
 O - 2 scrolls of fog
Potions
 b - 8 potions of magic
 g - 16 potions of ambrosia
 i - 3 potions of might
 k - 8 potions of curing
 n - 9 potions of heal wounds
 p - 5 potions of enlightenment
 r - 6 potions of brilliance
 t - 3 potions of invisibility
 A - 4 potions of attraction
 F - 2 potions of lignification
 G - 2 potions of berserk rage
 K - 5 potions of haste
 L - 3 potions of cancellation
 M - 3 potions of degeneration
 Q - 6 potions of resistance
Miscellaneous
 B - a phial of floods
 J - a box of beasts


   Skills:
 * Level 19.5 Fighting
 + Level 13.2 Dodging
 - Level 1.7 Stealth
 + Level 13.1 Shields
 - Level 20.6 Spellcasting
 - Level 20.9 Summonings


You had 38 spell levels left.
You knew the following spells:

 Your Spells              Type           Power      Damage    Failure   Level
a - Summon Small Mammal   Summ           100%       N/A       0%          1
b - Call Canine Familiar  Summ           100%       N/A       0%          3
c - Call Imp              Summ           100%       N/A       0%          2
d - Summon Lightning Spi  Summ/Air       86%        N/A       1%          4
e - Summon Hydra          Summ           57%        N/A       1%          7
f - Martyr's Knell        Necr/Summ      86%        N/A       1%          4

Your spell library contained the following spells:

 Spells                   Type           Power      Damage    Failure   Level
 Freeze                   Ice            100%       1d10      1%          1
 Magic Dart               Conj           100%       1d8       1%          1
 Shock                    Conj/Air       100%       1d9       1%          1
 Sting                    Conj/Alch      100%       1d9       1%          1
 Summon Blazeheart Golem  Fire/Summ      86%        N/A       1%          4
 Blink                    Tloc           76%        N/A       2%          2
 Cigotuvi's Dreadful Rot  Necr/Alch/Air  76%        N/A       2%          2
 Mercury Vapours          Alch/Air       76%        N/A       2%          2
 Sublimation of Blood     Necr           38%        N/A       2%          2
 Frozen Ramparts          Ice            76%        1d12      4%          3
 Gell's Gravitas          Tloc           38%        N/A       4%          3
 Hailstorm                Conj/Ice       38%        3d9       4%          3
 Sigil of Binding         Hex            38%        N/A       4%          3
 Swiftness                Air            38%        N/A       4%          3
 Teleport Other           Tloc           38%        N/A       4%          3
 Tukima's Dance           Hex            38%        N/A       4%          3
 Airstrike                Air            19%        2d(3-19)  16%         4
 Dimensional Bullseye     Hex/Tloc       19%        N/A       16%         4
 Dispel Undead            Necr           38%        3d16      16%         4
 Iskenderun's Mystic Bla  Conj/Tloc      38%        2d9       16%         4
 Olgreb's Toxic Radiance  Alch           38%        N/A       16%         4
 Passage of Golubria      Tloc           38%        N/A       16%         4
 Haunt                    Necr/Summ      43%        N/A       19%         7
 Yara's Violent Unravell  Hex/Alch       19%        3d9       41%         5
 Death Channel            Necr           19%        N/A       94%         6
 Dispersal                Tloc           19%        N/A       94%         6
 Borgnjor's Revivificati  Necr           19%        N/A       100%        8


Dungeon Overview and Level Annotations

Branches:
Dungeon (15/15)            Temple (1/1) D:7            Lair (5/5) D:9
  Swamp (4/4) Lair:3       Spider (4/4) Lair:2        Slime (0/5) Lair:5
    Orc (2/2) D:11            Elf (0/3) Orc:2        Vaults (2/5) D:14
 Depths (0/4) D:15          Sewer (visited)         Ossuary (visited)
 Bailey (visited)         Gauntlet (visited)
  Crypt: Vaults:2-3

Altars:
Ashenzari
Cheibriados
Dithmenos
Elyvilon
Fedhas
Gozag
Hepliaklqana
Kikubaaqudgha
Makhleb
Nemelex Xobeh
Okawaru
Qazlal
Ru
Sif Muna
Trog
Uskayaw
Vehumet
Wu Jian
Xom
Yredelemnul
Zin
The Shining One
Jiyva

Shops:
D:6 !   D:14 :   Orc:2 [=:*(


Innate Abilities, Weirdness & Mutations

Your life essence is reduced to manifest your ancestor. (-10% HP)
You are amphibious.
You cover ground slowly.
You can hop long distances.
You have an extended range of vision and can be seen from far away.


Message History

You see here a dire elephant corpse.
There is an open door here.
There is an open door here.
There is an open door here.
Things that are here:
a +2 morningstar of protection; a +0 ring mail
There is an open door here.
You open the door.
An ironbound thunderhulk and a yaktaur come into view.
The yaktaur moves out of view.
An ironbound thunderhulk is nearby!
A vault warden comes into view. It is wielding a +0 long sword.
The ironbound thunderhulk shouts!
The yaktaur shouts!
The vault warden shouts!
A yaktaur comes into view.
The yaktaur wields a +0 arbalest.
The yaktaur shoots a bolt.
The bolt hits you!
Electricity crackles from the ironbound thunderhulk's apparatus.
The bolt of lightning hits you!!!
The yaktaur shouts!
There is an open door here.
You swap places.
Casting: Martyr's Knell (safe; 1% risk of failure)
Confirm with . or Enter, or press ? or * to list all spells.
An eight-headed hydra appears.
You hear a shout!
The yaktaur shoots a bolt.
Qinisela blocks the bolt with his +0 tower shield of reflection... and reflects it back!
The bolt hits the yaktaur!!
Qinisela hits the ironbound thunderhulk with a +0 broad axe of flaming!
Qinisela burns the ironbound thunderhulk.
Something blocks Qinisela's attack.
You swap places.
Qinisela blocks something's attack.
Electricity crackles from the ironbound thunderhulk's apparatus.
The bolt of lightning hits you!!!
* * * LOW HITPOINT WARNING * * *
Qinisela closely misses the ironbound thunderhulk.
Qinisela hits something with a +0 broad axe of flaming!
Qinisela burns something.
Qinisela blocks something's attack.
Electricity crackles from the ironbound thunderhulk's apparatus.
The bolt of lightning hits you!!!
You die...

#[####.###'##
#.#..'.#....#
#.#..#.#....# ......
#.#..#.#....# ......
#'########### ...cc.
.......## ......
#.......## ..c...
##.......##########R.....
##.......##....@.DO.....
##.......#......#......
##........'......#......
##.........#......###'###
#.....#....#......# ...
.....###...#......# ...
....## ##..######## ..
...## ##.# ....## ###


You could see the friendly Qinisela the knight (reflecting), an ironbound
thunderhulk (ally target), a yaktaur and a friendly eight-headed hydra
(summoned).

Vanquished Creatures
  Arachne (Spider:4)
  An emperor scorpion (Spider:4)
  A ghost moth (Spider:2)
  A formless jellyfish (Vaults:2)
  2 ironbound frosthearts (Vaults:1)
  A centaur warrior (Vaults:1)
  A pharaoh ant (Spider:3)
  An orb spider (Spider:2)
  An arcanist (Vaults:1)
  3 steelbarb worms
  2 wolf spiders
  An ugly thing (Vaults:2)
  A will-o-the-wisp (Swamp:1)
  A meliai (Spider:3)
  A black mamba (Lair:5)
  A cane toad (Lair:3)
  A komodo dragon (Lair:3)
  A yaktaur (Vaults:1)
  4 tarantellas (Spider:4)
  2 slime creatures (Vaults:2)
  A jumping spider (Spider:4)
  A culicivora (Spider:4)
  8 redbacks
  A redback (shapeshifter) (Vaults:1)
  A swamp worm (Lair:3)
  A scorpion (D:4)
  2 bullfrog zombies (Ossuary)
  2 hounds
  An orc wizard (Orc:1)
  A hell rat (Lair:5)
  A crocodile zombie (Ossuary)
  A hound zombie (Ossuary)
  A howler monkey zombie (Ossuary)
  2 adders
  A gnoll (D:6)
  2 shadow imps
  8 dart slugs
  4 orcs
  7 ball pythons
  10 endoplasms
  4 giant cockroaches (Sewer)
  8 goblins
  6 hobgoblins
  2 jackals (D:1)
  9 kobolds
  2 quokkas
  2 ball python zombies (Ossuary)
  4 bats
  10 frilled lizards
  5 rats
136 creatures vanquished.

Vanquished Creatures (collateral kills)
  A tentacled monstrosity (Swamp:4)
  Rupert (D:15)
  Jorgrun (Orc:1)
  Frances (D:13)
  A thorn hunter (Swamp:4)
  Kirke (D:13)
  Aizul (Spider:4)
  Donald (Swamp:3)
  9 emperor scorpions
  2 fenstrider witches
  3 vault wardens (Vaults:1)
  2 ghost moths (Spider:4)
  An orc warlord (Orc:2)
  3 ironbound preservers
  An ironbound thunderhulk (Vaults:1)
  Nessos (D:14)
  3 dire elephants (Vaults:2)
  A spark wasp (Spider:2)
  6 eleionomae
  4 bunyips
  A minotaur (Gauntlet)
  Azrael (Spider:1)
  An entropy weaver (Spider:3)
  27 hydras
  7 alligators
  A ghost crab (Swamp:3)
  Erica (Orc:1)
  An anaconda (shapeshifter) (D:15)
  14 centaur warriors
  5 catoblepae
  2 jorogumos
  4 boulder beetles
  A death scarab (Spider:4)
  4 tengu warriors
  6 demonic crawlers
  3 orc high priests (Orc:2)
  9 death yaks
  The ghost of Imnulubo the Destroyer, a novice TeFE of Vehumet (Lair:1)
  3 skysharks
  4 deep trolls (Vaults:2)
  3 pharaoh ants
  3 spriggan druids
  2 glowing orange brains
  6 arcanists
  6 goliath frogs
  10 orb spiders
  4 bog bodies
  7 steelbarb worms
  An ironbound convoker (Vaults:1)
  13 swamp dragons
  2 necromancers
  5 orc knights
  3 harpies (Vaults:1)
  2 deep elf zephyrmancers (D:10)
  5 lindwurms
  7 deep elf pyromancers
  2 oklob plants (Lair:1)
  14 wolf spiders
  17 ugly things
  6 orc sorcerers
  15 elephants
  3 manticores
  A kobold blastminer (Orc:1)
  8 cyclopes
  A moth of wrath (Spider:4)
  9 will-o-the-wisps
  5 meliai
  17 slime creatures
  5 vault sentinels
  The ghost of kalagan the Thaumaturge, a novice DECj of Sif Muna (D:7)
  5 black mambas
  8 torpor snails
  A cane toad (shapeshifter) (D:13)
  17 cane toads
  An unseen horror (D:12)
  3 gargoyles
  16 komodo dragons
  3 efreet
  2 tengu conjurers (D:14)
  2 minotaur zombies (Gauntlet)
  5 rime drakes
  A spectral unseen horror (D:9)
  3 unseen horror skeletons (D:9)
  4 yaktaurs (Vaults:1)
  6 trolls
  10 tyrant leeches
  A queen bee (Spider:2)
  Grinder (D:3)
  6 hornets
  22 tarantellas
  10 blink frogs
  A blink frog (shapeshifter) (D:13)
  7 dream sheep
  A wyvern (Lair:5)
  14 jumping spiders
  A vampire (D:11)
  3 wraiths
  55 yaks
  2 shadows
  27 culicivoras
  6 spriggans
  4 hogs (D:13)
  5 nameless horrors
  2 fire elementals (Spider:1)
  18 vampire mosquitoes
  42 redbacks
  A steam dragon (D:8)
  4 wargs
  3 basilisks
  18 swamp worms
  3 hell hounds (Spider:1)
  An acid dragon (D:11)
  10 water moccasins
  3 sky beasts
  33 orc warriors
  11 swamp drakes
  7 black bears
  An ice beast (D:5)
  11 laughing skulls
  9 wolves
  25 centaurs
  4 ogres
  3 kobold brigands
  17 bullfrogs
  A weeping skull (Gauntlet)
  Blork the orc (D:10)
  2 scorpions
  A gnoll sergeant (D:7)
  5 wights
  37 killer bees
  3 howler monkeys
  An ancestor (Orc:1)
  11 electric eels
  A crimson imp (D:10)
  6 bullfrog zombies (Ossuary)
  13 jellies
  3 bombardier beetles
  2 hounds (D:5)
  14 orc priests
  Crazy Yiuf (D:4)
  A centaur skeleton (D:9)
  2 gnoll boudas
  9 iguanas
  An iron imp (D:10)
  2 sleepcaps
  15 orc wizards
  12 hell rats (Lair:5)
  5 mummies (Ossuary)
  Terence (D:2)
  A killer bee zombie (Ossuary)
  2 crocodile zombies (Ossuary)
  2 hound zombies (Ossuary)
  4 howler monkey zombies (Ossuary)
  Robin (D:4)
  18 gnolls
  10 adders
  A river rat (D:6)
  2 shadow imps
  2 white imps
  2 dart slugs
  2 ribbon worms
  77 orcs
  4 endoplasms
  3 giant cockroaches (Sewer)
  3 hobgoblins (D:3)
  17 kobolds
  2 quokkas
  A ball python (D:3)
  2 ball python zombies (Ossuary)
  A bat (D:1)
  3 frilled lizards
  9 goblins
  2 rats (D:6)
1123 creatures vanquished.

Vanquished Creatures (others)
  A yaktaur captain (Vaults:1)
  A black mamba (Lair:5)
  A yaktaur (Vaults:1)
  A tarantella (Spider:4)
  4 bloated husks
  A human (D:13)
  12 ancestors
  21 knights
  2 orcs
  A kobold (D:8)
  62 foxfires
107 creatures vanquished.

Grand Total: 1366 creatures vanquished

Notes
Turn   | Place    | Note
-------+----------+-------------------------------------------
     0 | D:1      | ChadusMaximus the Barachi Summoner began the quest for the
                  | Orb.
     0 | D:1      | Reached XP level 1. HP: 13/13 MP: 3/3
    23 | D:1      | Reached skill level 5 in Summonings
   122 | D:1      | Reached XP level 2. HP: 19/19 MP: 5/5
   289 | D:1      | Reached XP level 3. HP: 22/24 MP: 7/7
   567 | D:1      | Learned a level 3 spell: Call Canine Familiar
   570 | D:1      | Learned a level 2 spell: Call Imp
   726 | D:2      | Noticed Terence
   738 | D:2      | Killed Terence
   739 | D:2      | Reached XP level 4. HP: 13/30 MP: 0/8
  1107 | D:2      | HP: 1/30 [adder (2)]
  1449 | D:3      | Noticed Grinder
  1487 | D:3      | Paralysed by Grinder for 2 turns
  1491 | D:3      | Killed Grinder
  1492 | D:3      | Reached XP level 5. HP: 35/35 MP: 3/11
  1492 | D:3      | Reached XP level 6. HP: 41/41 MP: 3/12
  2456 | D:4      | Found a runed translucent door.
  2457 | D:4      | Noticed Crazy Yiuf
  2555 | D:4      | Found an ornate altar of the Wu Jian Council.
  2702 | D:4      | Noticed Robin
  2711 | D:4      | Killed Robin
  2890 | D:4      | Found an opulent altar of Gozag.
  2948 | D:4      | Reached XP level 7. HP: 40/46 MP: 13/13
  3278 | D:4      | Killed Crazy Yiuf
  3368 | D:5      | Entered Level 5 of the Dungeon
  3399 | D:5      | Found a snail-covered altar of Cheibriados.
  3497 | D:5      | Reached skill level 5 in Spellcasting
  3812 | D:5      | Reached XP level 8. HP: 31/52 MP: 11/16
  3978 | D:5      | Reached skill level 10 in Summonings
  4201 | D:5      | Found a shimmering altar of Xom.
  4390 | D:6      | Found a hide-covered altar of Uskayaw.
  4390 | D:6      | Found an iron altar of Okawaru.
  4531 | D:6      | Found Idinis's Distillery.
  4666 | D:6      | Found a glowing drain.
  4670 | Sewer    | Entered a sewer
  5004 | Sewer    | Reached XP level 9. HP: 43/57 MP: 16/19
  5238 | Sewer    | Learned a level 4 spell: Summon Lightning Spire
  5398 | D:6      | Found a stormy altar of Qazlal.
  5886 | D:7      | Identified 2 scrolls of acquirement
  5886 | D:7      | Acquired 1170 gold pieces
  5898 | D:6      | Acquired the scarf of Dithmenos's Fury {rC+ rF+, Str+6
                  | Int+2 Slay-3 SInv}
  5928 | D:6      | Bought a potion of heal wounds for 60 gold pieces
  5928 | D:6      | Bought a potion of heal wounds for 60 gold pieces
  5928 | D:6      | Bought a potion of heal wounds for 60 gold pieces
  5928 | D:6      | Bought 2 potions of experience for 1200 gold pieces
  5928 | D:6      | Bought a potion of heal wounds for 60 gold pieces
  5931 | D:6      | Reached XP level 10. HP: 63/63 MP: 19/23
  5932 | D:6      | Reached XP level 11. HP: 68/68 MP: 19/26
  5941 | D:6      | Learned a level 7 spell: Summon Hydra
  6014 | D:7      | Reached skill level 1 in Fighting
  6162 | D:7      | Reached skill level 1 in Shields
  6174 | D:7      | Found a staircase to the Ecumenical Temple.
  6239 | D:7      | Found a sand-covered staircase.
  6249 | Ossuary  | Entered an ossuary
  7440 | D:7      | Noticed kalagan's ghost (novice DECj)
  7452 | D:7      | Found a runed translucent gate.
  7452 | D:7      | Found a runed translucent gate.
  7453 | D:7      | Found a runed translucent gate.
  7830 | D:7      | Killed kalagan's ghost
  8493 | D:8      | Found a burning altar of Makhleb.
  8866 | D:8      | Found a basalt altar of Yredelemnul.
  8966 | D:9      | Reached skill level 5 in Fighting
  9081 | D:9      | Found a staircase to the Lair.
  9305 | D:9      | Found a flagged portal.
  9324 | Bailey   | Entered a bailey
  9837 | Bailey   | Reached XP level 12. HP: 89/89 MP: 19/27
 10174 | Bailey   | Reached skill level 5 in Dodging
 10614 | Bailey   | Acquired 774 gold pieces
 11462 | D:10     | Entered Level 10 of the Dungeon
 11604 | D:10     | Reached skill level 5 in Shields
 12108 | D:10     | Noticed Blork the orc
 12114 | D:10     | Killed Blork the orc
 12449 | D:10     | Learned a level 4 spell: Martyr's Knell
 13021 | Temple   | Entered the Ecumenical Temple
 13036 | Temple   | Became a worshipper of Hepliaklqana the Forgotten
 14124 | D:11     | Reached skill level 10 in Fighting
 14189 | D:11     | Found a staircase to the Orcish Mines.
 14763 | Orc:1    | Entered Level 1 of the Orcish Mines
 14872 | Orc:1    | Paralysed by an orc sorcerer for 2 turns
 15416 | Orc:1    | Reached * piety under Hepliaklqana
 15558 | Orc:1    | Noticed Jorgrun
 15565 | Orc:1    | Killed Jorgrun
 15566 | Orc:1    | Gained mutation: You can hop long distances. [Barachi
                  | growth]
 15566 | Orc:1    | Reached XP level 13. HP: 75/92 MP: 11/28
 15663 | Orc:1    | Noticed Erica
 15675 | Orc:1    | Killed Erica
 16079 | Orc:2    | Entered Level 2 of the Orcish Mines
 16079 | Orc:2    | Found Ireeh's Jewellery Shop.
 16079 | Orc:2    | Found Siryst's Antique Armour Shoppe.
 16265 | Orc:2    | Noticed an orc warlord
 16757 | Orc:2    | Found a staircase to the Elven Halls.
 17431 | Orc:2    | Bought a +6 ring of intelligence for 468 gold pieces
 17577 | Orc:2    | Killed an orc warlord
 17719 | Orc:2    | Bought a crude ring mail for 315 gold pieces
 17719 | Orc:2    | Identified the +4 ring mail of Brilliance {+Inv Str+3} (You
                  | bought it in a shop on level 2 of the Orcish Mines)
 17915 | Orc:2    | Found Ugezahoe's General Store.
 18018 | Orc:2    | Found Xegitroc's Book Emporium.
 18035 | Orc:2    | Found Ikharghuo's Antique Weapon Boutique.
 18473 | Lair:1   | Entered Level 1 of the Lair of Beasts
 18640 | Lair:1   | Reached ** piety under Hepliaklqana
 18719 | Lair:1   | Found a blossoming altar of Fedhas.
 19189 | Lair:1   | Found a runed translucent gate.
 19189 | Lair:1   | Found a runed translucent gate.
 19190 | Lair:1   | Found a runed translucent gate.
 19198 | Lair:1   | Found a viscous altar of Jiyva.
 19198 | Lair:1   | Noticed Imnulubo's ghost (novice TeFE)
 19349 | Lair:1   | Killed Imnulubo's ghost
 19353 | Lair:1   | Reached XP level 14. HP: 99/99 MP: 12/32
 20603 | Lair:2   | Found a hole to the Spider Nest.
 20994 | Lair:2   | Remembered your ancestor Qinisela as a knight
 21391 | Lair:2   | Reached skill level 15 in Spellcasting
 21989 | Lair:3   | Reached *** piety under Hepliaklqana
 22334 | Lair:3   | Found a gate leading to a gauntlet.
 22345 | Gauntlet | Entered a Gauntlet
 22345 | Gauntlet | Found a transporter.
 22345 | Gauntlet | Found a runed translucent door.
 22536 | Gauntlet | Found a transporter.
 22549 | Gauntlet | Found a transporter.
 22552 | Gauntlet | Found a transporter.
 22562 | Gauntlet | Found a transporter.
 22582 | Gauntlet | Found a transporter.
 22595 | Gauntlet | Found a transporter.
 22612 | Gauntlet | Found a transporter.
 22616 | Gauntlet | Found a transporter.
 22620 | Gauntlet | Found a runed translucent door.
 22624 | Gauntlet | Found a transporter.
 22645 | Gauntlet | Found a transporter.
 22648 | Gauntlet | Found a transporter.
 23043 | Gauntlet | Identified the amulet "Hyezot" {Spirit ^Fragile rF+ Str+3
                  | Dex+6}
 23288 | Gauntlet | Identified the +4 cloak "Ceoseavo" {rElec}
 23288 | Gauntlet | Identified the ring of Fazu {EV+5 Int+4}
 23809 | Lair:3   | Reached XP level 15. HP: 59/95 MP: 12/35
 24002 | Lair:3   | Reached **** piety under Hepliaklqana
 24609 | Lair:3   | Found a staircase to the Swamp.
 25286 | Lair:4   | Identified the ring "Ysiongeutt" {rElec rN+ rCorr Str+4
                  | Dex-2}
 25884 | Lair:5   | Entered Level 5 of the Lair of Beasts
 26514 | Lair:5   | Reached ***** piety under Hepliaklqana
 26783 | Lair:5   | Found the +5 robe of Night {Dark Will+ SInv}
 26915 | Lair:5   | Identified the +3 pair of gloves of the Platytaur {rC++
                  | Will+ Str-3}
 27442 | Lair:5   | Found a staircase to the Slime Pits.
 29002 | D:13     | Found a blossoming altar of Fedhas.
 29156 | D:13     | Noticed Frances
 29162 | D:13     | Killed Frances
 29342 | D:13     | Reached XP level 16. HP: 88/109 MP: 32/39
 29425 | D:13     | Noticed Kirke
 29431 | D:13     | Killed Kirke
 29887 | D:14     | Found Bawomud's Tremendous Tomes.
 29905 | D:14     | Noticed Nessos
 29915 | D:14     | Killed Nessos
 31156 | D:14     | Found a gate to the Vaults.
 31669 | D:15     | Entered Level 15 of the Dungeon
 31669 | D:15     | Noticed Rupert
 31677 | D:15     | Killed Rupert
 32209 | D:15     | Found a broken altar of Ashenzari.
 32522 | D:15     | Found a staircase to the Depths.
 33064 | Swamp:1  | Entered Level 1 of the Swamp
 33102 | Swamp:1  | Noticed a fenstrider witch
 33107 | Swamp:1  | Killed a fenstrider witch
 33109 | Swamp:1  | Found a shimmering altar of Xom.
 33130 | Swamp:1  | Reached XP level 17. HP: 71/119 MP: 3/41
 33862 | Swamp:1  | Got Leracux's Papyrus of Topological Blasphemous Deeds
 34239 | Swamp:2  | Reached ****** piety under Hepliaklqana
 35753 | Swamp:3  | Noticed Donald
 35762 | Swamp:3  | Killed Donald
 36415 | Swamp:4  | Entered Level 4 of the Swamp
 36777 | Swamp:4  | Noticed a tentacled monstrosity
 37199 | Swamp:4  | Killed a tentacled monstrosity
 37523 | Swamp:4  | Identified the +6 scimitar "Cacvot" {distort, rF++}
 37724 | Swamp:4  | Reached skill level 10 in Dodging
 38253 | Swamp:4  | Reached skill level 15 in Fighting
 38306 | Swamp:4  | Reached XP level 18. HP: 74/134 MP: 19/42
 38384 | Swamp:4  | Reached skill level 10 in Shields
 38818 | Swamp:4  | Got a decaying rune of Zot
 38962 | Spider:1 | Entered Level 1 of the Spider Nest
 39285 | Spider:1 | Identified the +4 short sword "Z" {freeze, *Slow Int+2
                  | Dex+2}
 39526 | Spider:1 | Identified the +3 leather armour of the Four Eyes {rPois
                  | SInv}
 39620 | Spider:1 | Noticed Azrael
 39636 | Spider:1 | Killed Azrael
 41338 | Spider:2 | Identified the +1 battleaxe of Tortfeasance {spect, rC+++
                  | Will++}
 43753 | Spider:4 | Entered Level 4 of the Spider Nest
 44317 | Spider:4 | Identified the serpent talisman of the End {rC+ rN++ Int-3}
 44317 | Spider:4 | Noticed Aizul
 44330 | Spider:4 | Killed Aizul
 44540 | Spider:4 | Noticed Arachne
 44548 | Spider:4 | Killed Arachne
 44549 | Spider:4 | Reached XP level 19. HP: 118/145 MP: 23/43
 45565 | Spider:4 | Got a gossamer rune of Zot
 46412 | Vaults:1 | Entered Level 1 of the Vaults
 48269 | Vaults:2 | Paralysed by a formless jellyfish for 1 turns
 48683 | Vaults:2 | Killed from afar by an ironbound thunderhulk

Illustrated notes

Levels and vault maps discovered:
D:1:      amcnicky_arrival_choice, layout_basic
D:2:      layout_loops_ring, uniq_terence
D:3:      layout_rooms, uniq_grinder
D:4:      layout_basic, old_standard_altar, mainiacjoe_overflow_boulevard,
          kennysheep_generic_room_12, uniq_crazy_yiuf_cottage, uniq_robin
D:5:      layout_cave_pools, slow_altar_1, tgw_xom
D:6:      layout_gridville, nicolae_qazlal_scattered_showers,
          gammafunk_temple_overflow_pools,
          mainiacjoe_sewer_entry_somewhere_in_here_2, nrook_campfire,
          nicolae_stop_n_shop_2
D:7:      layout_cave_pools, minmay_temple_entry_wispy,
          biasface_ghost_orc_armoury, mainiacjoe_ossuary_entry_dusty_tomb,
          minmay_misc_feat_nine_boxes
D:8:      layout_cave_pools, mainiacjoe_overflow_small_starburst,
          lemuel_doored_altar
D:9:      layout_basic, dpeg_oklobed_lair, enter_bailey_5, moated_statue,
          hangedman_weighted_door
D:10:     layout_irregular_city, st_stairs_5, hangedman_minor_magic
D:11:     layout_cave_pods, orc_0_dummy, serial_park_tiny_1
D:12:     layout_rooms, patterned_corridor
D:13:     layout_rooms, fedhas_altar_1, uniq_kirke, uniq_frances
D:14:     layout_layer_cave, skrybe_vaults_entry_preservation,
          serial_bayou_lagoon_a, nicolae_shop_i_like_big_books,
          minmay_misc_feat_encased, minmay_joined_circles, uniq_nessos
D:15:     gammafunk_enter_depths_forms, layout_small_grid, ashenzari_altar_1,
          uniq_rupert
Temple:   cyrus_circular_temple
Lair:1:   layout_roguey, gammafunk_ghost_ooze, hangedman_tree_tricks,
          beast_lair_carwin_1, grunt_megastairs_1
Lair:2:   beast_lair_carwin_large_3, layout_big_grid,
          spider_nest_entry_funnel_web
Lair:3:   layout_gridlike, nicolae_swamp_entry_splash_gauntlet,
          gauntlet_entry_generic, serial_bayou_ford_a, dpeg_stationary_puzzle,
          infiniplex_staircase_pool, lemuel_fruit_tree
Lair:4:   layout_big_grid, serial_bayou_shore_b, grunt_megastairs_5,
          serial_bayou_shore_a
Lair:5:   hangedman_lair_in_review, layout_cave_shapes, wormcave, slime_entry_2,
          minivault_24
Swamp:1:  layout_basic_swamp, basic_altar, nicolae_swamp_wisp_ring_woods
Swamp:2:  layout_basic_swamp, hangedman_swamp_pad, swamp_pool_1_2
Swamp:3:  layout_basic_swamp, evilmike_swamp_ruin_house_5, grunt_witch_cave,
          uniq_donald
Swamp:4:  swamp, layout_basic_swamp
Spider:1: layout_spider_delve, nicolae_spider_checkerboard, uniq_azrael
Spider:2: layout_spider_delve, special_room [special_room_bee]
Spider:3: layout_spider_delve
Spider:4: grunt_spider_rune_circles, uniq_arachne, uniq_aizul
Orc:1:    layout_caves, basic_altar, uniq_erica, uniq_jorgrun
Orc:2:    grunt_orc_gardens, layout_caves, grunt_orc_garden, grunt_orc_garden,
          grunt_orc_garden, grunt_orc_garden, minmay_shop_enchanted_jewellery
Vaults:1: nicolae_vaults_trapezoid_layered, nicolae_vaults_circle_grid_b,
          nicolae_vaults_shipping_containers_3, vaults_room_pool,
          nicolae_vaults_storage_closets_2, nicolae_vaults_wrenched, v_misc_8,
          v_pattern_1, nicolae_vaults_mini_display_case, vaults_room_semicircle,
          layout_vaults_omnicross
Vaults:2: vaults_mumra_chevron, hangedman_vaults_capsules, v_misc_12,
          nicolae_vaults_oval_intersection, nicolae_vaults_mush_room,
          nicolae_vaults_circle_grid_a, dpeg_vaults_monster_box,
          nicolae_vaults_big_angled_halls, v_rooms_3, v_misc_10,
          hangedman_vaults_restitches, layout_vaults_omnibox

Skill      XL: |  1  2  3  4  5  6  7  8  9 10 11 12 13 14 15 16 17 18 19 |
---------------+----------------------------------------------------------+-----
Summonings     | 5 6 7 8 9 11 16 18 19 20 | 20.9
Spellcasting   | 3 4 5 6 9 11 14 16 19 20 | 20.6
Fighting       | 6 10 11 15 17 19 | 19.5
Shields        | 4 6 7 9 11 13 | 13.1
Dodging        | 4 6 8 10 12 13 | 13.2
Stealth        | |  1.7

Action                     |  1- 3 |  4- 6 |  7- 9 | 10-12 | 13-15 | 16-18 | 19-21 || total
---------------------------+-------+-------+-------+-------+-------+-------+-------++-------
  Melee: Scimitar          |       |       |       |       |       |   102 |    89 ||   191
         Sling             |       |       |       |       |       |     1 |       ||     1
   Fire: Sling             |    93 |   177 |   246 |   332 |   317 |   128 |       ||  1293
   Cast: Summon Small Mamm |     6 |    10 |    23 |    21 |    16 |     6 |       ||    82
         Call Canine Famil |     1 |    11 |    22 |    52 |    20 |    14 |       ||   120
         Call Imp          |     1 |     8 |    17 |    35 |    12 |     7 |     2 ||    82
         Summon Lightning  |       |       |     1 |    72 |    52 |    33 |    11 ||   169
         Summon Hydra      |       |       |       |    55 |   199 |   323 |    83 ||   660
         Martyr's Knell    |       |       |       |       |    12 |    25 |     4 ||    41
 Invoke: Ancestor Life: Kn |       |       |       |       |     1 |       |       ||     1
         Recall Ancestor   |       |       |       |       |       |     1 |       ||     1
Ability: Hop               |       |       |     1 |     2 |     4 |     3 |     3 ||    13
    Use: Potion            |       |     1 |     2 |     1 |     1 |     5 |       ||    10
         Scroll            |       |       |     2 |     6 |    16 |    10 |     3 ||    37
   Stab: Sleeping          |       |       |       |       |       |     4 |     1 ||     5
         Distracted        |       |       |       |       |       |     2 |     3 ||     5
 Armour: Robe              |    27 |    66 |   157 |   267 |    44 |   394 |   117 ||  1072
         Skin              |       |       |       |    40 |       |       |       ||    40
         Acid dragon scale |       |       |       |    15 |    77 |       |       ||    92
         Ring mail         |       |       |       |       |   201 |       |       ||   201
  Dodge: Dodged            |    38 |    91 |   176 |   297 |   273 |   469 |   124 ||  1468
  Block: Buckler           |       |       |       |    58 |   165 |       |       ||   223
         Reflection        |       |       |       |       |     2 |       |    12 ||    14
         Kite shield       |       |       |       |       |     8 |   356 |   132 ||   496
